BSA
NIAGARA FALLS FRENZY @ ORLANDO CALRISSIAN
07/31/2026
 
TOP OF THE 1ST
Niagara Falls Frenzy batting - Pitching for Orlando Calrissian : RHP Tony Guerrero
Pitching: RHP Tony Guerrero
Batting: RHB Hidetada Kichida 0-0: Ball
1-0: Called Strike
1-1: Ball
2-1: Fly out, F9 (Flyball, 9M)
Batting: RHB Zander Tremblett 0-0: Ball
1-0: Called Strike
1-1: Fly out, F7 (Flyball, 78D)
Batting: LHB Clyde Yarbrough 0-0: Ball
1-0: Ground out 2-3 (Groundball, 15S)
Top of the 1st over - 0 run(s), 0 hit(s), 0 error(s), 0 left on base; Niagara Falls 0 - Orlando 0
BOTTOM OF THE 1ST
Orlando Calrissian batting - Pitching for Niagara Falls Frenzy : RHP George Nelson
Pitching: RHP George Nelson
Batting: LHB Danny Allen 0-0: Called Strike
0-1: Swinging Strike
0-2: Foul Ball, location: 2F
0-2: SINGLE (Line Drive, 4M)
Batting: SHB Tim Abbott 0-0: Called Strike
0-1: Ball
1-1: Ground out 4-3 (Groundball, 4M)
Danny Allen to second
Batting: LHB Santiago Márquez 0-0: Called Strike
0-1: Ball
1-1: Ball
2-1: Swinging Strike
2-2: Foul Ball, location: 2F
2-2: Foul Ball, location: 2F
2-2: Foul Ball, location: 2F
2-2: Ground out 5-3 (Groundball, 5S)
Danny Allen to third
Batting: RHB Rich Anderson 0-0: Foul Ball, location: 2F
0-1: Ground out 6-3 (Groundball, 6)
Bottom of the 1st over - 0 run(s), 1 hit(s), 0 error(s), 1 left on base; Niagara Falls 0 - Orlando 0
TOP OF THE 2ND
Niagara Falls Frenzy batting - Pitching for Orlando Calrissian : RHP Tony Guerrero
Batting: LHB Dante Owens 0-0: Called Strike
0-1: Fly out, F8 (Flyball, 8RD)
Batting: RHB Lawrence Schroeder 0-0: Swinging Strike
0-1: Foul Ball, location: 2F
0-2: Ground out 4-3 (Groundball, 4)
Batting: LHB Bill Hall 0-0: Ball
1-0: Foul Ball, location: 2F
1-1: Ball
2-1: Foul Ball, location: 2F
2-2: Ball
3-2: SINGLE (Line Drive, 8RS)
Batting: RHB Keitaro Suzuki 0-0: Ball
1-0: Ball
2-0: Ball
3-0: Base on Balls
Bill Hall to second
Batting: RHB Jung-ha Kim 0-0: Ball
1-0: DOUBLE (Line Drive, 78D)
Bill Hall scores
Keitaro Suzuki to third
Runner from 3rd tries for Home, throw and OUT!
Top of the 2nd over - 1 run(s), 2 hit(s), 0 error(s), 1 left on base; Niagara Falls 1 - Orlando 0
BOTTOM OF THE 2ND
Orlando Calrissian batting - Pitching for Niagara Falls Frenzy : RHP George Nelson
Batting: LHB Juan Colón 0-0: DOUBLE (Groundball, 5L)
Batting: RHB Kenny Cole 0-0: Called Strike
0-1: SINGLE (Line Drive, 8LS)
Juan Colón to third
Batting: RHB Frederico Hernández 0-0: Called Strike
0-1: Ball
1-1: Ball
2-1: Ball
3-1: Foul Ball, location: 2F
3-2: Strikes out swinging
Batting: RHB Robby Lewis 0-0: Called Strike
0-1: Called Strike
0-2: Strikes out swinging
Batting: RHB Enrique Bermúdez 0-0: Ball
1-0: Ball
2-0: Ground out 6-3 (Groundball, 6)
Bottom of the 2nd over - 0 run(s), 2 hit(s), 0 error(s), 2 left on base; Niagara Falls 1 - Orlando 0
TOP OF THE 3RD
Niagara Falls Frenzy batting - Pitching for Orlando Calrissian : RHP Tony Guerrero
Batting: RHB Gerald Burnett 0-0: Called Strike
0-1: SOLO HOME RUN (Flyball, 89XD), Distance : 398 ft
Batting: RHB Hidetada Kichida 0-0: SINGLE (Groundball, 56D)
Batting: RHB Zander Tremblett 0-0: Ball
1-0: Grounds into double play, 5-4-3 (Groundball, 56)
Batting: LHB Clyde Yarbrough 0-0: Called Strike
0-1: Fly out, F9 (Line Drive, 9M)
Top of the 3rd over - 1 run(s), 2 hit(s), 0 error(s), 0 left on base; Niagara Falls 2 - Orlando 0
BOTTOM OF THE 3RD
Orlando Calrissian batting - Pitching for Niagara Falls Frenzy : RHP George Nelson
Batting: LHB Danny Allen 0-0: DOUBLE (Groundball, 3D)
Batting: SHB Tim Abbott 0-0: Called Strike
0-1: Ball
1-1: DOUBLE (Line Drive, 8RS)
Danny Allen scores
Batting: LHB Santiago Márquez 0-0: Ground out 4-3 (Groundball, 4)
Tim Abbott to third
Batting: RHB Rich Anderson 0-0: Foul Ball, location: 2F
0-1: Swinging Strike
0-2: Ground out 6-3 (Groundball, 6)
Tim Abbott scores
Batting: LHB Juan Colón 0-0: Foul Ball, location: 2F
0-1: Ground out 6-3 (Groundball, 6M)
Bottom of the 3rd over - 2 run(s), 2 hit(s), 0 error(s), 0 left on base; Niagara Falls 2 - Orlando 2
TOP OF THE 4TH
Niagara Falls Frenzy batting - Pitching for Orlando Calrissian : RHP Tony Guerrero
Batting: LHB Dante Owens 0-0: Ball
1-0: Fly out, F8 (Popup, 4MD)
Batting: RHB Lawrence Schroeder 0-0: Foul Ball, location: 2F
0-1: Foul Ball, location: 2F
0-2: Foul Ball, location: 2F
0-2: Strikes out swinging
Batting: LHB Bill Hall 0-0: Called Strike
0-1: Ball
1-1: Foul Ball, location: 2F
1-2: Foul Ball, location: 2F
1-2: Ball
2-2: Ball
3-2: Foul Ball, location: 2F
3-2: Foul Ball, location: 2F
3-2: Foul Ball, location: 2F
3-2: Fly out, F9 (Flyball, 89XD)
Top of the 4th over - 0 run(s), 0 hit(s), 0 error(s), 0 left on base; Niagara Falls 2 - Orlando 2
BOTTOM OF THE 4TH
Orlando Calrissian batting - Pitching for Niagara Falls Frenzy : RHP George Nelson
Batting: RHB Kenny Cole 0-0: Ground out 6-3 (Groundball, 6)
Batting: RHB Frederico Hernández 0-0: Foul Ball, location: 2F
0-1: Ball
1-1: Foul Ball, location: 2F
1-2: Ball
2-2: Reached on error, E6 (Groundball, 6)
Batting: RHB Robby Lewis 0-0: Ball
1-0: Called Strike
1-1: Foul Ball, location: 2F
1-2: Ball
2-2: Foul Ball, location: 2F
2-2: Strikes out swinging
Batting: RHB Enrique Bermúdez 0-0: SINGLE (Groundball, 6M) (infield hit)
Frederico Hernández to second
Batting: LHB Danny Allen 0-0: Ball
1-0: Ball
2-0: Ball
3-0: Called Strike
3-1: Foul Ball, location: 2F
3-2: Ground out 3-1 (Groundball, 34S)
Bottom of the 4th over - 0 run(s), 1 hit(s), 1 error(s), 2 left on base; Niagara Falls 2 - Orlando 2
TOP OF THE 5TH
Niagara Falls Frenzy batting - Pitching for Orlando Calrissian : RHP Tony Guerrero
Batting: RHB Keitaro Suzuki 0-0: Ball
1-0: Called Strike
1-1: Ball
2-1: Ball
3-1: Base on Balls
Batting: RHB Jung-ha Kim 0-0: 2-RUN HOME RUN (Flyball, 89XD), Distance : 412 ft
Batting: RHB Gerald Burnett 0-0: Called Strike
0-1: Ball
1-1: Fly out, F8 (Flyball, 8RD)
Batting: RHB Hidetada Kichida 0-0: Called Strike
0-1: Ground out 6-3 (Groundball, 6M)
Batting: RHB Zander Tremblett 0-0: Ground out 4-3 (Groundball, 34)
Top of the 5th over - 2 run(s), 1 hit(s), 0 error(s), 0 left on base; Niagara Falls 4 - Orlando 2
BOTTOM OF THE 5TH
Orlando Calrissian batting - Pitching for Niagara Falls Frenzy : RHP George Nelson
Batting: SHB Tim Abbott 0-0: Ball
1-0: Called Strike
1-1: Fly out, F8 (Flyball, 8LXD)
Batting: LHB Santiago Márquez 0-0: Ball
1-0: Foul Ball, location: 2F
Reached via error on a dropped throw, E3
Batting: RHB Rich Anderson 0-0: Grounds into double play, 4-6-3 (Groundball, 4)
Bottom of the 5th over - 0 run(s), 0 hit(s), 1 error(s), 0 left on base; Niagara Falls 4 - Orlando 2
TOP OF THE 6TH
Niagara Falls Frenzy batting - Pitching for Orlando Calrissian : RHP Tony Guerrero
Batting: LHB Clyde Yarbrough 0-0: Called Strike
0-1: Ball
1-1: Ball
2-1: Swinging Strike
2-2: SINGLE (Groundball, 34D)
Batting: LHB Dante Owens 0-0: Foul Ball, location: 2F
0-1: Ball
1-1: Foul Ball, location: 2F
1-2: Fly out, F7 (Flyball, 78M)
Batting: RHB Lawrence Schroeder 0-0: Ball
1-0: Grounds into double play, U4-3 (Groundball, 4M)
Top of the 6th over - 0 run(s), 1 hit(s), 0 error(s), 0 left on base; Niagara Falls 4 - Orlando 2
BOTTOM OF THE 6TH
Orlando Calrissian batting - Pitching for Niagara Falls Frenzy : RHP George Nelson
Batting: LHB Juan Colón 0-0: Swinging Strike
0-1: Ball
1-1: Ball
2-1: SOLO HOME RUN (Flyball, 9D), Distance : 368 ft
Batting: RHB Kenny Cole 0-0: Foul Ball, location: 2F
0-1: Ball
1-1: Foul Ball, location: 2F
1-2: Ball
2-2: SINGLE (Line Drive, 56D)
Batting: RHB Frederico Hernández 0-0: Called Strike
0-1: Fly out, F9 (Flyball, 9LM)
0-1: Fly out, F9 (Flyball, 9LM)
Batting: RHB Robby Lewis 0-0: Called Strike
0-1: Ball
1-1: Foul Ball, location: 2F
1-2: Ball
2-2: Strikes out swinging
Batting: RHB Enrique Bermúdez 0-0: Foul Ball, location: 2F
0-1: Ball
1-1: Called Strike
1-2: Foul Ball, location: 2F
1-2: Ball
Single, Error in OF, E8, batter to second base
Kenny Cole to third
Batting: LHB Danny Allen 0-0: Ball
1-0: Ball
2-0: Called Strike
2-1: Foul Ball, location: 2F
2-2: Foul Ball, location: 2F
2-2: Ball
3-2: Ground out 4-3 (Groundball, 4)
Bottom of the 6th over - 1 run(s), 3 hit(s), 1 error(s), 2 left on base; Niagara Falls 4 - Orlando 3
TOP OF THE 7TH
Niagara Falls Frenzy batting - Pitching for Orlando Calrissian : RHP Tony Guerrero
Batting: LHB Bill Hall 0-0: Ball
1-0: Swinging Strike
1-1: Swinging Strike
1-2: Ground out 6-3 (Groundball, 6)
Batting: RHB Keitaro Suzuki 0-0: DOUBLE (Line Drive, 78D)
Batting: RHB Jung-ha Kim 0-0: Ball
1-0: Foul Ball, location: 2F
1-1: Foul Ball, location: 2F
1-2: Foul Ball, location: 2F
1-2: Foul Ball, location: 2F
1-2: Ball
2-2: Ball
3-2: DOUBLE (Line Drive, 7D)
Keitaro Suzuki scores
Batting: RHB Gerald Burnett 0-0: Intentional Walk
Pinch Hitting: RHB Ángel Hinojosa 0-0: Ball
1-0: SINGLE (Flyball, 89S)
Jung-ha Kim to third
Gerald Burnett to second
Runner from 3rd tries for Home, SAFE, throw made at trailing runner, SAFE at third!
Batting: RHB Zander Tremblett 0-0: Called Strike
0-1: Foul Ball, location: 2F
0-2: Foul Ball, location: 2F
0-2: Fly out, F9 (Flyball, 9LDF)
Runner from 3rd tags up, SCORES, no throw
Pitching: LHP José Ramírez
Batting: LHB Clyde Yarbrough 0-0: Called Strike
0-1: Swinging Strike
0-2: Fly out, F7 (Flyball, 7LM)
Top of the 7th over - 3 run(s), 3 hit(s), 0 error(s), 1 left on base; Niagara Falls 7 - Orlando 3
BOTTOM OF THE 7TH
Orlando Calrissian batting - Pitching for Niagara Falls Frenzy : RHP George Nelson
Pitching: RHP Ángel Francisco
Now at 3B: Ángel Hinojosa
Batting: SHB Tim Abbott 0-0: Ball
1-0: Called Strike
1-1: DOUBLE (Line Drive, 7LS)
Batting: LHB Santiago Márquez 0-0: Ground out 6-3 (Groundball, 6)
Tim Abbott to third
Batting: RHB Rich Anderson 0-0: Swinging Strike
0-1: Foul Ball, location: 2F
0-2: Fly out, F3 (Popup, 3DF)
Batting: LHB Juan Colón 0-0: Called Strike
0-1: SINGLE (Line Drive, 7LS)
Tim Abbott scores
Batting: RHB Kenny Cole 0-0: Ball
1-0: Called Strike
1-1: Fielders Choice at 2nd, U6 (Groundball, 6M)
Bottom of the 7th over - 1 run(s), 2 hit(s), 0 error(s), 1 left on base; Niagara Falls 7 - Orlando 4
TOP OF THE 8TH
Niagara Falls Frenzy batting - Pitching for Orlando Calrissian : LHP José Ramírez
Batting: LHB Dante Owens 0-0: Ground out 3-1 (Groundball, 34)
Batting: RHB Lawrence Schroeder 0-0: Ball
1-0: Ball
2-0: Ball
3-0: Called Strike
3-1: Base on Balls
Batting: LHB Bill Hall 0-0: Ball
1-0: Foul Ball, location: 2F
1-1: SINGLE (Groundball, 34)
Lawrence Schroeder to second
Runner from 2nd tries for 3rd, SAFE, throw made to third
Batting: RHB Keitaro Suzuki Reached via error on a dropped throw, E1
Lawrence Schroeder scores
Bill Hall to second
Batting: RHB Jung-ha Kim 0-0: Called Strike
0-1: Ball
1-1: Ball
2-1: Ball
3-1: Called Strike
3-2: Strikes out swinging
Batting: RHB Gerald Burnett 0-0: Called Strike
0-1: Foul Ball, location: 2F
0-2: Ball
1-2: Ball
2-2: DOUBLE (Flyball, 7D)
Bill Hall scores
Keitaro Suzuki to third
Runner from 3rd tries for Home, SAFE, no throw or cutoff
Batting: RHB Ángel Hinojosa 0-0: Called Strike
0-1: Ball
1-1: Ball
2-1: Ball
3-1: Foul Ball, location: 2F
3-2: Fly out, F9 (Flyball, 89XD)
Top of the 8th over - 3 run(s), 2 hit(s), 1 error(s), 1 left on base; Niagara Falls 10 - Orlando 4
BOTTOM OF THE 8TH
Orlando Calrissian batting - Pitching for Niagara Falls Frenzy : RHP Ángel Francisco
Batting: RHB Frederico Hernández 0-0: Ball
1-0: Foul Ball, location: 2F
1-1: Ball
2-1: Foul Ball, location: 2F
2-2: Ball
3-2: Strikes out swinging
Batting: RHB Robby Lewis 0-0: Called Strike
0-1: Ball
1-1: Ball
2-1: SINGLE (Groundball, 6S)
Batting: RHB Enrique Bermúdez 0-0: Foul Ball, location: 2F
0-1: Foul Ball, location: 2F
0-2: Foul Ball, location: 2F
0-2: Reached on error, E5 (Groundball, 5)
Robby Lewis to second
Batting: LHB Danny Allen 0-0: Called Strike
0-1: Called Strike
0-2: Foul Ball, location: 2F
0-2: Foul Ball, location: 2F
0-2: Foul Ball, location: 2F
0-2: Ball
1-2: Grounds into double play, 6-4-3 (Groundball, 6M)
Bottom of the 8th over - 0 run(s), 1 hit(s), 1 error(s), 1 left on base; Niagara Falls 10 - Orlando 4
TOP OF THE 9TH
Niagara Falls Frenzy batting - Pitching for Orlando Calrissian : LHP José Ramírez
Batting: RHB Zander Tremblett 0-0: Ball
1-0: Foul Ball, location: 2F
1-1: Foul Ball, location: 2F
1-2: Foul Ball, location: 2F
1-2: Strikes out swinging
Batting: LHB Clyde Yarbrough 0-0: Foul Ball, location: 2F
0-1: Ball
1-1: Ground out 6-3 (Groundball, 6M)
Batting: LHB Dante Owens 0-0: Ball
1-0: Called Strike
1-1: Ball
2-1: Ball
3-1: Foul Ball, location: 2F
3-2: Foul Ball, location: 2F
3-2: Foul Ball, location: 2F
3-2: Foul Ball, location: 2F
3-2: Foul Ball, location: 2F
3-2: Base on Balls
Batting: RHB Lawrence Schroeder 0-0: Ball
1-0: SINGLE (Groundball, 56D)
Dante Owens to second
Batting: LHB Bill Hall 0-0: Ball
1-0: Ball
2-0: Fly out, F8 (Line Drive, 8RXD)
Top of the 9th over - 0 run(s), 1 hit(s), 0 error(s), 2 left on base; Niagara Falls 10 - Orlando 4
BOTTOM OF THE 9TH
Orlando Calrissian batting - Pitching for Niagara Falls Frenzy : RHP Ángel Francisco
Batting: SHB Tim Abbott 0-0: Ground out 1-3 (Groundball, 15)
Batting: LHB Santiago Márquez 0-0: Ball
1-0: Ball
2-0: Called Strike
2-1: SINGLE (Groundball, 34D)
Batting: RHB Rich Anderson 0-0: Ball
1-0: Grounds into double play, 6-4-3 (Groundball, 6)
Bottom of the 9th over - 0 run(s), 1 hit(s), 0 error(s), 0 left on base; Niagara Falls 10 - Orlando 4
Monday, December 5th, 2016 - OOTP Baseball 17.12 Build 75